 Dungeon Crawl Stone Soup version 0.19-a0-1714-gcab94ab (webtiles) character file.

32 kae the Slasher (level 3, -5/29 HPs)
             Began as a Formicid Chaos Knight on Sept 28, 2016.
             Slain by a worm (9 damage)
             ... on level 2 of the Dungeon.
             The game lasted 00:00:39 (719 turns).

kae the Slasher (Formicid Chaos Knight)              Turns: 719, Time: 00:00:39

Health: -5/29      AC:  6    Str: 17    XL:     3   Next: 42%
Magic:  3/3        EV: 11    Int: 11    God:    Xom [..*...]
Gold:   53         SH:  0    Dex: 10    Spells: 0 memorised, 2 levels left

rFire  . . .     SeeInvis +     a - +0 falchion (chaos)
rCold  . . .     Gourm    .     b - +2 leather armour
rNeg   . . .     Faith    .     (no shield)
rPois  .         Spirit   .     (helmet unavailable)
rElec  .         Dismiss  .     (no cloak)
rCorr  .         Reflect  .     (no gloves)
MR     .....     Harm     .     (no boots)
Stlth  +.........               (no amulet)
                                (no ring)
                                (no ring)

@: no status effects
A: permanent stasis, dig shafts and tunnels, four strong arms, antennae 3
a: Dig, Shaft Self, Renounce Religion


You were on level 2 of the Dungeon.
You worshipped Xom.
You were a toy of Xom.
You were not hungry.

You visited 1 branch of the dungeon, and saw 2 of its levels.

You collected 53 gold pieces.

Inventory:

Hand Weapons
 a - a +0 falchion of chaos (weapon)
Armour
 b - a +2 leather armour (worn)
Scrolls
 e - a scroll of fog {unknown}
 h - a scroll of fear {unknown}
Potions
 d - a potion of resistance {unknown}
Comestibles
 c - 2 bread rations
 f - a slice of pizza
 g - a meat ration


   Skills:
 - Level 3.2 Fighting
 + Level 4.2 Long Blades
 - Level 2.1 Armour
 - Level 0.8 Dodging


You had 2 spell levels left.
You didn't know any spells.

Dungeon Overview and Level Annotations

Branches:
Dungeon (2/15)

Altars:


Innate Abilities, Weirdness & Mutations

You are under a permanent stasis effect.
You can dig through walls and to a lower floor.
Your four strong arms can wield two-handed weapons with a shield.
You have a pair of large antennae on your head. (SInv)


Message History

The worm bites you.
* * * LOW HITPOINT WARNING * * *
You are too injured to fight recklessly!
You are too injured to fight recklessly!
You are too injured to fight recklessly!
You are too injured to fight recklessly!
You are too injured to fight recklessly!
You are too injured to fight recklessly!
You are too injured to fight recklessly!
You hit the worm.
You heal the worm.
The worm is lightly wounded.
Xom thinks this is hilarious!
The worm is lightly wounded.
The worm completely misses you.
You riposte.
You slash the worm!
The worm is moderately wounded.
Unknown command.
You slash the worm! You drain the worm!
The worm is heavily wounded.
The worm bites you!
You die...

#. .# #. .# #.
.# ## # ##.# ..
... #.##...
.##...# #......
.....
#.##...#..#
#......@..#
#####..w..#
....#......
...........##..
##### #......
########


You could see a worm (berserk).

Vanquished Creatures
  An ooze (D:1)
  A worm (D:2)
  A leopard gecko (D:1)
  A ball python (D:1)
  2 giant cockroaches (D:1)
  2 goblins (D:1)
  6 hobgoblins (D:1)
  5 bats (D:1)
  A kobold (D:1)
  3 rats (D:1)
23 creatures vanquished.

Notes
Turn   | Place    | Note
-------+----------+-------------------------------------------
     0 | D:1      | kae the Formicid Chaos Knight began the quest for the Orb.
     0 | D:1      | Reached XP level 1. HP: 18/18 MP: 1/1
    35 | D:1      | XOM: silly message
    40 | D:1      | XOM: harmless Summ miscast
    44 | D:1      | Reached XP level 2. HP: 15/24 MP: 2/2
   224 | D:1      | XOM: divination: magic mapping
   405 | D:1      | XOM: harmless Hex miscast
   428 | D:1      | Reached skill level 4 in Long Blades
   428 | D:1      | Reached XP level 3. HP: 20/29 MP: 3/3
   544 | D:1      | XOM: silly message
   551 | D:1      | XOM: silly message
   607 | D:1      | XOM: divination: detect items
   719 | D:2      | Slain by a worm

Vault maps used:
D:1:      dpeg_arrival_rooms_with_view, serial_forest,
          infiniplex_forest_clump_tiny, infiniplex_forest_corner_1,
          infiniplex_forest_diagonal, infiniplex_forest_lined_corner,
          infiniplex_forest_clump_tiny, infiniplex_forest_end_1,
          infiniplex_forest_lined_3, infiniplex_forest_lined_3,
          infiniplex_forest_end_2, infiniplex_forest_clump_double

Skill      XL: |  1  2 |
---------------+-------+-----
Long Blades    | 4 |  4.2
Fighting       | |  3.2
Armour         | |  2.1
Dodging        | |  0.8

Action                   || total
-------------------------++-------
Melee: Falchion          ||   109
Armor: Leather armour    ||    30
Dodge: Dodged            ||    62
